 Dungeon Crawl Stone Soup version 0.26-a0-43-g20b394cb32 (webtiles) character file.

Game seed: 8360101473444401510

14730 Majang the Covert (level 11, -5/56 HPs)
             Began as a Spriggan Assassin on June 2, 2020.
             Was an Initiate of Gozag.
             Slain by an eight-headed hydra (18 damage)
             ... on level 2 of the Lair of Beasts.
             The game lasted 01:21:38 (17901 turns).

Majang the Covert (Spriggan Assassin)              Turns: 17901, Time: 01:21:38

Health: -5/56      AC:  4    Str: 10    XL:     11   Next: 92%
Magic:  19/22      EV: 28    Int: 13    God:    Gozag
Gold:   2149       SH:  0    Dex: 24    Spells: 17/23 levels left

rFire    . . .     SeeInvis +   a - +2 dagger (speed)
rCold    . . .     Gourm    .   (shield restricted)
rNeg     . . .     Faith    .   v - +0 robe
rPois    .         Spirit   .   (helmet restricted)
rElec    .         Reflect  .   c - +1 cloak
rCorr    .         Harm     .   (gloves unavailable)
MR       +....                  (boots unavailable)
Stlth    ++++++....             t - amulet of the acrobat
HPRegen  0.18/turn              h - +6 ring of dexterity
MPRegen  0.18/turn              (no ring)

@: confusing touch, lightly drained, very quick
A: very small, unfitting armour, see invisible, herbivore, speed 3, slow
metabolism 2
a: Potion Petition, Call Merchant, Bribe Branch, Renounce Religion


You were on level 2 of the Lair of Beasts.
You worshipped Gozag.
Gozag was most pleased with you.
You were full.

You visited 3 branches of the dungeon, and saw 14 of its levels.

You collected 2599 gold pieces.
You spent 315 gold pieces at shops.
You paid 135 gold pieces to Gozag.

Inventory:

Hand Weapons
 a - a +2 dagger of speed (weapon)
 b - a +1 short sword of venom
 e - a +2 dagger of venom
 f - the cursed +0 hand axe of the Tiger {vorpal, rF+++ rC+++ MR- Int-3}
   (You found it on level 7 of the Dungeon)

   It inflicts extra damage upon your enemies.
   It affects your intelligence (-3).
   It renders you almost immune to fire.
   It renders you almost immune to cold.
   It affects your resistance to hostile enchantments.
   It has a curse placed upon it.
 q - a +1 dagger of electrocution
 F - a +0 falchion of protection
 H - a +2 falchion of flaming
 J - a +0 short sword of speed
Missiles
 d - 14 poisoned darts (quivered)
 l - a curare-tipped dart
 K - 3 throwing nets
 P - 3 atropa-tipped darts
Armour
 c - a +1 cloak (worn)
 v - a +0 robe (worn)
 Q - a +0 buckler
Jewellery
 h - a +6 ring of dexterity (left hand)
 t - an amulet of the acrobat (around neck)
 A - the ring of Veeruuk {rF- rC+ MP+9 Int-2 SInv}
   (You found it on level 8 of the Dungeon)

   [ring of protection from cold]

   It affects your intelligence (-2).
   It makes you vulnerable to fire.
   It protects you from cold.
   It affects your magic capacity (+9).
   It lets you see invisible.
 M - an uncursed ring of protection from fire {unknown}
Wands
 m - a wand of paralysis (3)
 p - a wand of flame (28)
 u - a wand of disintegration (26)
 z - a wand of iceblast (3)
 L - a wand of digging (6)
Scrolls
 g - 3 scrolls of remove curse
 j - 6 scrolls of teleportation
 w - 2 scrolls of amnesia
 B - a scroll of blinking
 C - 2 scrolls of enchant weapon
 G - 2 scrolls of fog
 I - a scroll of fear
 O - 3 scrolls of identify
Potions
 i - 3 potions of haste
 k - 2 potions of might
 n - 2 potions of invisibility
 o - 3 potions of flight
 r - a potion of resistance
 s - 7 potions of curing
 x - 3 potions of heal wounds
 D - a potion of stabbing
 N - a potion of lignification {unknown}
Miscellaneous
 E - a phantom mirror
Comestibles
 y - 21 rations


   Skills:
 + Level 5.8(5.5) Fighting
 - Level 10.2(10.5) Short Blades
 * Level 4.6(6.5) Long Blades
 - Level 2.0(1.7) Throwing
 + Level 9.9(9.5) Dodging
 + Level 12.6(12.3) Stealth
 + Level 0.2(0.0) Shields
 + Level 6.9(6.6) Spellcasting
 + Level 6.9(6.6) Hexes
 + Level 8.8(8.4) Evocations


You had 17 spell levels left.
You knew the following spells:

 Your Spells              Type           Power        Failure   Level  Hunger
c - Confusing Touch       Hex            ###.....     3%          3    ###....
d - Dazzling Flash        Conj/Hex       ##....       12%         3    ###....

Your spell library contained the following spells:

 Spells                   Type           Power        Failure   Level  Hunger
 Magic Dart               Conj           #...         16%         1    None
 Searing Ray              Conj           #.....       24%         2    #......
 Fulminant Prism          Conj/Hex       ##........   38%         4    ####...
 Gell's Gravitas          Tloc           #.........   43%         3    ###....
 Metabolic Englaciation   Hex/Ice        ##........   75%         5    ######.
 Yara's Violent Unravell  Hex/Tmut       ##........   75%         5    ######.
 Iskenderun's Mystic Bla  Conj/Tloc      #.......     85%         4    ####...
 Petrify                  Tmut/Erth      #.......     85%         4    ####...


Dungeon Overview and Level Annotations

Branches:
Dungeon (11/15)            Temple (1/1) D:6            Lair (2/6) D:11
    Orc (0/2) D:11
  Swamp: Lair:2-4    Shoals: Lair:2-4     Snake: Lair:2-4    Spider: Lair:2-4

Altars:
Ashenzari
Cheibriados
Dithmenos
Elyvilon
Fedhas
Gozag
Hepliaklqana
Kikubaaqudgha
Makhleb
Nemelex Xobeh
Okawaru
Qazlal
Ru
Sif Muna
Trog
Uskayaw
Vehumet
Wu Jian
Xom
Yredelemnul
Zin
The Shining One

Shops:
D:5 }   D:9 !

Portals:
Trove: D:11 (give 2 scrolls of acquirement)

Annotations:
D:4 1 runed translucent door, Grinder; ICC's ghost, novice VSFi
Lair:2 3 runed translucent doors, Kenorope's ghost, journeyman DEFE; Oxowysi's ghost, journeyman DgAE; Suethroe's ghost, journeyman KoBe; mandick's ghost, journeyman DsAs


Innate Abilities, Weirdness & Mutations

You are very small and have problems with some larger weapons.
You are too small for most types of armour.
You have supernaturally acute eyesight. (SInv)
You are a herbivore.
You cover ground extremely quickly.
You need to consume almost no food.


Message History

Your hands begin to glow red.
You hit the eight-headed hydra but do no damage.
You hit the eight-headed hydra but do no damage.
The eight-headed hydra bites you!
The eight-headed hydra closely misses you. x3
The eight-headed hydra bites you. x2
The eight-headed hydra completely misses you.
The eight-headed hydra misses you.
You barely miss the eight-headed hydra.
You hit the eight-headed hydra but do no damage.
You hit the eight-headed hydra but do no damage.
The eight-headed hydra bites you!
The eight-headed hydra closely misses you.
The eight-headed hydra completely misses you.
The eight-headed hydra bites you!
* * * LOW HITPOINT WARNING * * *
The eight-headed hydra barely misses you.
The eight-headed hydra bites you!!
You die...
Your body crumbles into a pile of gold.

#..P###P####.....####.#..
##.##......P...... ###
#...#......... . #
##..#.[..... .. .# #
#...# ....# ..! # .P##
##.####...# .... #. ...
#..P#...#.#..... #.# #.
#P...........?.. ## #D# #
##......@....... ..P#..##
#P.......D...... ........
#............... ........
#............... ...Y....
##.#.#.##.###... ........
#.##.## .# .. ..#...##
#.##.. .. . #.P# # .. ..
#.. .. #. ...


You could see an eight-headed hydra.

Vanquished Creatures
  Harold (D:10)
  A vault guard (D:11)
  3 hydras
  An ugly thing (D:11)
  A manticore (D:9)
  2 spiny frogs (Lair:1)
  2 trolls
  Prince Ribbit (D:5)
  A queen bee (D:9)
  2 dream sheep (D:9)
  6 yaks
  A wyvern (D:10)
  A hungry ghost (D:10)
  A steam dragon (D:10)
  2 wargs (D:11)
  3 water moccasins (Lair:1)
  A porcupine (Lair:1)
  Duvessa (D:6)
  6 orc warriors
  4 sky beasts
  An ice beast (D:5)
  3 necrophages
  A phantom (D:7)
  5 ogres
  6 centaurs
  4 crocodiles (Lair:1)
  Blork the orc (D:6)
  4 big kobolds
  4 bullfrogs
  A wyvern zombie (D:9)
  Dowan (D:6)
  A water moccasin skeleton (D:9)
  3 scorpions
  9 killer bees (D:9)
  A howler monkey (D:10)
  7 crimson imps
  3 bullfrog skeletons
  3 centaur skeletons
  9 orc wizards
  5 jellies
  9 orc priests
  4 hounds
  Jessica (D:3)
  6 iguanas
  12 hell rats (Lair:1)
  Natasha (D:3)
  12 worker ants
  A killer bee zombie (D:9)
  A hound zombie (D:5)
  3 hound skeletons
  A worker ant zombie (D:6)
  13 adders
  4 gnolls (D:4)
  A howler monkey skeleton (D:5)
  22 river rats (Lair:1)
  2 shadow imps
  An ooze (D:6)
  A worm (D:5)
  2 dart slugs
  4 leopard geckos
  46 orcs
  9 bats
  6 giant cockroaches
  9 goblins
  12 hobgoblins
  6 jackals
  13 quokkas
  2 ball pythons
  4 frilled lizards
  10 kobolds
  A leopard gecko skeleton (D:5)
  A quokka skeleton (D:7)
  26 rats
359 creatures vanquished.

Vanquished Creatures (others)
  5 plants (D:9)
5 creatures vanquished.

Grand Total: 364 creatures vanquished

Notes
Turn   | Place    | Note
-------+----------+-------------------------------------------
     0 | D:1      | Majang the Spriggan Assassin began the quest for the Orb.
     0 | D:1      | Reached XP level 1. HP: 10/10 MP: 2/2
    70 | D:1      | Reached skill level 6 in Stealth
   255 | D:1      | Reached XP level 2. HP: 10/14 MP: 3/3
  1303 | D:2      | Reached XP level 3. HP: 18/18 MP: 4/4
  2124 | D:3      | Noticed an orc warrior
  2152 | D:2      | Killed an orc warrior
  2152 | D:2      | Reached skill level 5 in Short Blades
  2152 | D:2      | Reached skill level 7 in Stealth
  2152 | D:2      | Reached XP level 4. HP: 18/22 MP: 5/5
  2152 | D:2      | Reached XP level 5. HP: 20/25 MP: 6/6
  3150 | D:3      | Found a basalt altar of Yredelemnul.
  3167 | D:3      | Noticed Jessica
  3175 | D:3      | Killed Jessica
  3306 | D:3      | Noticed Natasha
  3313 | D:3      | Killed Natasha
  3313 | D:3      | Reached skill level 1 in Evocations
  3346 | D:3      | Reached XP level 6. HP: 30/30 MP: 7/7
  3654 | D:4      | Found a stormy altar of Qazlal.
  3709 | D:4      | Noticed ICC's ghost (novice VSFi)
  3735 | D:4      | Reached skill level 8 in Stealth
  4167 | D:4      | Reached XP level 7. HP: 8/35 MP: 9/9
  5003 | D:4      | Noticed Grinder
  5142 | D:4      | Found a runed translucent door.
  5902 | D:5      | Entered Level 5 of the Dungeon
  5915 | D:5      | Reached skill level 9 in Stealth
  6161 | D:5      | Reached XP level 8. HP: 31/39 MP: 11/11
  6343 | D:5      | Reached skill level 5 in Dodging
  6447 | D:5      | Learned a level 3 spell: Confusing Touch
  6732 | D:5      | Found Nighiush's Gadget Boutique.
  6735 | D:5      | Bought a wand of paralysis (6) for 120 gold pieces
  6864 | D:6      | Noticed Prince Ribbit
  6898 | D:6      | Reached skill level 1 in Spellcasting
  6898 | D:6      | Reached skill level 1 in Hexes
  6923 | D:5      | Killed Prince Ribbit
  7243 | D:6      | Noticed Duvessa
  7268 | D:6      | Noticed Dowan
  7271 | D:6      | Killed Duvessa
  7271 | D:6      | Reached skill level 5 in Evocations
  7300 | D:6      | Reached skill level 10 in Stealth
  7300 | D:6      | Reached XP level 9. HP: 38/44 MP: 13/13
  7307 | D:6      | Killed Dowan
  7427 | D:6      | Noticed Blork the orc
  7483 | D:6      | Found a staircase to the Ecumenical Temple.
  7489 | Temple   | Entered the Ecumenical Temple
  7555 | Temple   | Became a worshipper of Gozag Ym Sagoz the Greedy
  7752 | D:6      | Killed Blork the orc
  8161 | D:7      | Found a shimmering blue altar of Sif Muna.
  8822 | D:7      | Got a dazzling hand axe
  8823 | D:7      | Identified the cursed +0 hand axe of the Tiger {vorpal,
                  | rF+++ rC+++ MR- Int-3} (You found it on level 7 of the
                  | Dungeon)
  9215 | D:8      | Got a scorched jade ring
  9960 | D:9      | Found Kohus's Distillery.
  9979 | D:9      | Bought a potion of degeneration for 13 gold pieces
  9979 | D:9      | Bought a potion of heal wounds for 65 gold pieces
  9979 | D:9      | Bought a potion of heal wounds for 65 gold pieces
  9979 | D:9      | Bought a potion of stabbing for 52 gold pieces
 10557 | D:9      | Noticed a manticore
 10572 | D:9      | Killed a manticore
 10861 | D:9      | Reached XP level 10. HP: 40/50 MP: 12/16
 11020 | D:9      | Found a glowing silver altar of Zin.
 11077 | D:9      | Identified the ring of Veeruuk {rF- rC+ MP+9 Int-2 SInv}
                  | (You found it on level 8 of the Dungeon)
 11139 | D:9      | Reached skill level 11 in Stealth
 11157 | D:9      | Reached skill level 10 in Short Blades
 11353 | D:9      | Noticed a three-headed hydra
 11369 | D:9      | Killed a three-headed hydra
 11688 | D:9      | Reached skill level 5 in Hexes
 11821 | D:9      | Reached skill level 1 in Long Blades
 11854 | D:9      | Reached skill level 5 in Spellcasting
 12052 | D:10     | Entered Level 10 of the Dungeon
 12065 | D:10     | Reached skill level 5 in Fighting
 12960 | D:10     | Reached XP level 11. HP: 46/55 MP: 20/20
 13186 | D:10     | Noticed Harold
 13193 | D:10     | Killed Harold
 13676 | D:11     | Found a staircase to the Orcish Mines.
 13711 | D:11     | Noticed a cyan ugly thing
 13712 | D:11     | Found a staircase to the Lair.
 13730 | D:11     | Killed a cyan ugly thing
 14082 | D:11     | Found a blossoming altar of Fedhas.
 14194 | D:11     | Reached skill level 12 in Stealth
 14639 | D:11     | Noticed a vault guard
 14642 | D:11     | Killed a vault guard
 14646 | D:11     | Found a portal to a secret trove of treasure.
 14821 | Lair:1   | Entered Level 1 of the Lair of Beasts
 16054 | Lair:1   | Learned a level 3 spell: Dazzling Flash
 16066 | Lair:1   | Noticed a seven-headed hydra
 16073 | Lair:1   | Killed a seven-headed hydra
 17338 | Lair:2   | Found a runed translucent gate.
 17338 | Lair:2   | Found a runed translucent gate.
 17338 | Lair:2   | Found a runed translucent gate.
 17340 | Lair:2   | Noticed mandick's ghost (journeyman DsAs)
 17340 | Lair:2   | Noticed Suethroe's ghost (journeyman KoBe)
 17342 | Lair:2   | Noticed Kenorope's ghost (journeyman DEFE)
 17342 | Lair:2   | Noticed Oxowysi's ghost (journeyman DgAE)
 17343 | Lair:2   | Noticed Kenorope's ghost (journeyman DEFE)
 17392 | Lair:2   | Noticed a seven-headed hydra
 17396 | Lair:2   | Noticed an eight-headed hydra
 17644 | Lair:1   | Killed a seven-headed hydra
 17901 | Lair:2   | Slain by an eight-headed hydra

Illustrated notes

Levels and vault maps discovered:
D:1:      sevenhm_arrival_forest_fort_small_3, layout_basic
D:2:      layout_rooms
D:3:      layout_basic, overflow_temple_1_default, first_ration,
          minmay_misc_feat_nine_boxes, uniq_natasha, uniq_jessica
D:4:      minmay_recursive_quarters, layout_loops_ring,
          nicolae_qazlal_eye_of_the_storm, hellmonk_ghost_happy_afterlife,
          uniq_grinder
D:5:      layout_basic, serial_shops, kennysheep_mini_moat
D:6:      layout_cave_pools, minmay_temple_entry_nine_rooms, nrook_mini_vaults,
          uniq_duvessa, uniq_blork_the_orc, uniq_prince_ribbit1
D:7:      layout_loops_corners, lemuel_blue_sif_altar
D:8:      layout_loops_corners
D:9:      layout_basic, zin_treasury, serial_shops, nicolae_shop_trees,
          hangedman_ranch [blue_anna_fruit_fields],
          nicolae_looking_at_the_future
D:10:     layout_stronghold, uniq_harold
D:11:     layout_roguey, erik_lair_orcish_takeover, david_orc_2, enter_trove_5,
          minmay_misc_feat_pillars, fedhas_bush_and_centaur_altar
Temple:   dpeg_five_rooms_temple
Lair:1:   lemuel_ratsnest, layout_long_grid, kennysheep_abandoned_house
Lair:2:   layout_regular_city, spider_nest_entry_funnel_web,
          gammafunk_ghost_cemetery, serial_bayou_shore_a

Skill      XL: |  1  2  3  4  5  6  7  8  9 10 11 |
---------------+----------------------------------+-----
Stealth        | 6 7 8 9 10 11 12 | 12.6
Short Blades   | 3 5 6 7 8 9 10 | 10.2
Dodging        | 2 3 4 6 7 8 9 |  9.9
Evocations     | 1 2 3 5 6 7 8 |  8.8
Fighting       | 2 3 4 5 |  5.8
Spellcasting   | 2 3 5 6 |  6.9
Hexes          | 2 4 5 6 |  6.9
Long Blades    | 2 4 |  4.6
Throwing       | |  2.0
Shields        | |  0.2

Action                   |  1- 3 |  4- 6 |  7- 9 | 10-12 || total
-------------------------+-------+-------+-------+-------++-------
Melee: Dagger            |   155 |    81 |    79 |   529 ||   844
       Short sword       |       |    55 |   376 |   167 ||   598
Throw: Dart              |    11 |    14 |    46 |    21 ||    92
 Cast: Confusing Touch   |       |       |     5 |    59 ||    64
       Dazzling Flash    |       |       |       |     6 ||     6
Evoke: Wand              |       |     3 |     4 |    14 ||    21
  Use: Scroll            |       |       |    21 |     5 ||    26
       Potion            |       |       |     2 |     1 ||     3
 Stab: Sleeping          |    11 |    16 |    26 |    35 ||    88
       Distracted        |       |       |     4 |    11 ||    15
       Confused          |       |       |     5 |    61 ||    66
       Invisible         |       |       |       |     3 ||     3
  Eat: Ration            |       |       |     8 |     6 ||    14
Armor: Robe              |    23 |     9 |    27 |    14 ||    73
Dodge: Dodged            |    93 |    73 |   221 |   257 ||   644

Table legend:
 A = Non-vault XP
 B = Vault XP
 C = Vault XP percentage of total XP
 D = Non-vault monster count
 E = Vault monster count
 F = Vault count percentage of total count
                 A         B        C        D         E       F
            +---------+---------+-------+---------+---------+-------
      Total |   13195 |    7848 |  37.3 |     252 |     107 |  29.8
            +---------+---------+-------+---------+---------+-------
        D:1 |      39 |       0 |   0.0 |      23 |       0 |   0.0
        D:2 |     170 |       0 |   0.0 |      15 |       0 |   0.0
        D:3 |     119 |      72 |  37.7 |      32 |       2 |   5.9
        D:4 |     715 |     261 |  26.7 |      28 |       8 |  22.2
        D:5 |     744 |     291 |  28.1 |      24 |       1 |   4.0
        D:6 |     711 |     323 |  31.2 |      17 |       3 |  15.0
        D:7 |     777 |       0 |   0.0 |      17 |       0 |   0.0
        D:8 |     363 |       0 |   0.0 |       9 |       0 |   0.0
        D:9 |    1856 |    2998 |  61.8 |      29 |      18 |  38.3
       D:10 |    2083 |    1018 |  32.8 |      31 |       1 |   3.1
       D:11 |    1251 |    1858 |  59.8 |      12 |      17 |  58.6
     Lair:1 |    4367 |    1027 |  19.0 |      15 |      57 |  79.2
            +---------+---------+-------+---------+---------+-------
